 Dungeon Crawl Stone Soup version 0.28.0-53-g5a82cb258f (webtiles) character file.

Game seed: 9772997850865797029

39 MisterFreud the Changer (level 3, 0/28 HPs)
             Began as a Draconian Transmuter on July 21, 2022.
             Was a Follower of Fedhas.
             Slain by Natasha (4 damage)
             ... on level 2 of the Dungeon.
             The game lasted 00:01:13 (1473 turns).

MisterFreud the Changer (Draconian Transmuter)      Turns: 1473, Time: 00:01:14

Health: 0/28       AC:  5    Str: 12    XL:     3   Next: 26%
Magic:  6/6        EV: 12    Int: 15    God:    Fedhas [*.....]
Gold:   53         SH:  0    Dex: 11    Spells: 5/6 levels left

rFire   . . .      SeeInvis .     - Unarmed
rCold   . . .      Faith    .   (no shield)
rNeg    . . .      Spirit   .   (armour unavailable)
rPois   .          Reflect  .   (helmet currently unavailable)
rElec   .          Harm     .   (no cloak)
rCorr   .          Rampage  .   (no gloves)
Will    .....                   (boots currently unavailable)
Stlth   +.........              (no amulet)
HPRegen 0.09/turn               (no ring)
MPRegen 0.10/turn               (no ring)

@: appendages, slowed, very slow
A: horns 2, talons 2, AC +5, unfitting armour, cold-blooded
a: End Transformation, Renounce Religion


You were on level 2 of the Dungeon.
You worshipped Fedhas.
Fedhas was aware of your devotion.
You had temporarily grown beastly horns and talons.
You visited 1 branch of the dungeon, and saw 2 of its levels.

You collected 53 gold pieces.

Inventory:

Missiles
 a - 2 poisoned darts
Jewellery
 b - a ring of flight
Scrolls
 c - a scroll of identify {unknown}
 d - a scroll of fear {unknown}
 e - a scroll of amnesia {unknown}
 f - a scroll of immolation {unknown}
 g - a scroll of teleportation {unknown}
Potions
 h - a potion of cancellation {unknown}
 i - a potion of brilliance {unknown}


   Skills:
 - Level 1.1 Fighting
 - Level 1.7 Dodging
 - Level 3.0 Unarmed Combat
 - Level 2.0 Spellcasting
 + Level 3.7 Transmutations


You had 5 spell levels left.
You knew the following spells:

 Your Spells              Type           Power      Damage    Failure   Level
a - Beastly Appendage     Tmut           24%        N/A       4%          1

Your spell library contained the following spells:

 Spells                   Type           Power      Damage    Failure   Level
 Wereblood                Tmut           12%        N/A       7%          2
 Spider Form              Tmut/Pois      7%         N/A       30%         3
 Ice Form                 Ice/Tmut       7%         N/A       71%         4


Dungeon Overview and Level Annotations

Branches:
Dungeon (2/15)

Altars:
Fedhas

Annotations:
D:2 Natasha


Innate Abilities, Weirdness & Mutations

You have temporarily grown beastly horns and talons.
Your plain brown scales are hard. (AC +5)
You cannot fit into any form of body armour.
You are cold-blooded and may be slowed by cold attacks.


Message History

Natasha moves out of view.
Natasha claws you but does no damage.
You closely miss Natasha. Natasha casts a spell at you.
You feel yourself slow down.
You grow a pair of large bovine horns.
Your feet morph into talons.
Natasha casts a spell at you. The magic dart hits you.
You closely miss Natasha. Your kick misses Natasha. You headbutt Natasha.
Natasha is heavily wounded.
Natasha claws you but does no damage. Natasha misses you.
You barely miss Natasha. Your kick misses Natasha.
Natasha is heavily wounded.
Natasha barely misses you.
You barely miss Natasha. Your kick misses Natasha.
Your tail-slap misses Natasha.
Natasha is heavily wounded.
Natasha claws you! Natasha completely misses you.
You closely miss Natasha. Your kick misses Natasha.
Natasha is heavily wounded.
Natasha claws you.
You miss Natasha.
Natasha is heavily wounded.
Natasha claws you.
* * * LOW HITPOINT WARNING * * *
You closely miss Natasha. Your kick misses Natasha.
Your tail-slap misses Natasha.
Natasha is heavily wounded.
Natasha barely misses you. x2
You are too injured to fight recklessly!
You hit Natasha. Your headbutt misses Natasha.
Your tail-slap misses Natasha.
Natasha is severely wounded.
Natasha closely misses you.
You hit Natasha but do no damage. Your kick misses Natasha.
Natasha is severely wounded.
Natasha claws you.
* * * LOW HITPOINT WARNING * * *
Natasha claws you.
You die...
Fedhas appreciates your contribution to the ecosystem.

.........................).##
.####..#.######..##...#.....#####
.####..#.# #..##.#............
.<.....#.# #..##...#.....#####
.#####.#.# #..###.......## .#
#.... #............##### .#
##.##............# .#
.#.####.#.#.#..##.###.## ..
......h@.......##....... ..
#.......#.#.#.###..>.... ..
#.####.###...## #....... ..# #.
##.## #....... #. #.# ##...... #.
..# #...... ## ##.# #...... #.#
####.## #..


You could see Natasha.

Vanquished Creatures
  A dart slug (D:1)
  3 ball pythons (D:1)
  3 bats
  3 endoplasms (D:1)
  4 giant cockroaches
  4 goblins (D:1)
  3 hobgoblins (D:1)
  2 jackals (D:1)
  2 quokkas (D:1)
  2 kobolds (D:2)
  3 rats (D:1)
  A spectral kobold (D:1)
31 creatures vanquished.

Notes
Turn   | Place    | Note
-------+----------+-------------------------------------------
     0 | D:1      | MisterFreud the Draconian Transmuter began the quest for
                  | the Orb.
     0 | D:1      | Reached XP level 1. HP: 16/16 MP: 3/3
   171 | D:1      | Reached XP level 2. HP: 5/23 MP: 3/5
   878 | D:1      | Found a faded altar of an unknown god.
   889 | D:1      | Prayed at the altar of an unknown god.
   889 | D:1      | Became a worshipper of Fedhas Madash
   889 | D:1      | Reached * piety under Fedhas
  1010 | D:1      | Reached XP level 3. HP: 28/28 MP: 4/6
  1461 | D:2      | Noticed Natasha
  1473 | D:2      | Slain by Natasha

Illustrated notes

Levels and vault maps discovered:
D:1:      sevenhm_arrival_forest_fort_small_5, layout_rooms,
          dreamdust_ecumenical_altar_drowned_temple
D:2:      layout_loops_ring, solitary_fountain, uniq_natasha, uniq_terence

Skill      XL: |  1  2 |
---------------+-------+-----
Transmutations | 3 |  3.7
Fighting       | |  1.1
Dodging        | |  1.7
Unarmed Combat | |  3.0
Spellcasting   | |  2.0

Action                   || total
-------------------------++-------
Melee: Unarmed           ||    93
       Kick              ||    18
       Tailslap          ||    10
       Headbutt          ||    11
       Punch             ||     1
 Cast: Beastly Appendage ||    18
Armor: Skin              ||    31
Dodge: Dodged            ||    54
